 Dungeon Crawl Stone Soup version 0.23.1 (webtiles) character file.

Game seed: 9427599556316948359

25293 Gargoyl the Protected (level 12, -5/100 HPs)
             Began as a Centaur Abyssal Knight on Mar 17, 2019.
             Was a Priest of Lugonu.
             Slain by a spiny frog (12 damage)
             ... on level 6 of the Lair of Beasts.
             The game lasted 00:31:28 (22820 turns).

Gargoyl the Protected (Centaur Abyssal Knight)     Turns: 22820, Time: 00:31:28

Health: -5/100     AC: 17    Str: 21    XL:     12   Next: 88%
Magic:  18/19      EV:  3    Int: 16    God:    Lugonu [***...]
Gold:   167        SH: 15    Dex: 10    Spells: 11/11 levels left

rFire    . . .     SeeInvis +   d - +3 hand axe (venom)
rCold    + . .     Gourm    .   C - +2 large shield {reflect}
rNeg     . . .     Faith    .   J - +0 plate armour {rPois}
rPois    +         Spirit   .   i - +0 helmet
rElec    .         Reflect  +   q - scarf {repulsion}
rCorr    .         Harm     .   u - +0 pair of gloves
MR       .....                  (no barding)
Stlth    ..........             (no amulet)
HPRegen  0.26/turn              l - ring of see invisible
MPRegen  0.16/turn              t - +5 ring of intelligence

@: repel missiles, very quick
A: large, hooves 3, thin metallic scales 1, blurry vision 1, cold resistance 1,
deformed body, speed 2, strong 1, tough skin 3
a: Depart the Abyss, Bend Space, Banish, Renounce Religion


You were on level 6 of the Lair of Beasts.
You worshipped Lugonu.
Lugonu was most pleased with you.
You were hungry.

You visited 2 branches of the dungeon, and saw 15 of its levels.
You visited the Abyss 1 time.
You also visited: Ossuary.

You collected 902 gold pieces.
You spent 735 gold pieces at shops.

Inventory:

Hand Weapons
 a - a +3 hand axe
 d - a +3 hand axe of venom (weapon)
Missiles
 g - 4 tomahawks
 k - 6 javelins
 H - a javelin of penetration (quivered)
Armour
 i - a +0 helmet (worn)
 q - a scarf of repulsion (worn)
 u - a +0 pair of gloves (worn)
 C - a +2 large shield of reflection (worn)
 J - a +0 plate armour of poison resistance (worn)
Jewellery
 l - a ring of see invisible (left hand)
 t - a +5 ring of intelligence (right hand)
Wands
 r - a wand of iceblast (18)
 s - a wand of random effects (11)
 w - a wand of flame (19)
 A - a wand of polymorph (6)
 E - a wand of paralysis (25)
 G - a wand of acid (10)
Scrolls
 e - 9 scrolls of remove curse
 p - 6 scrolls of fog
 y - a scroll of identify
 B - a scroll of teleportation
 F - a scroll of amnesia
 I - 2 scrolls of blinking
Potions
 f - 2 potions of brilliance
 h - 2 potions of haste
 j - a potion of magic
 m - a potion of berserk rage
 n - 2 potions of resistance
 o - 3 potions of curing
 v - 6 potions of agility
 z - a potion of flight
Comestibles
 b - 7 chunks of flesh
 c - 33 rations


   Skills:
 + Level 7.1 Fighting
   Level 0.1 Short Blades
 + Level 8.9 Axes
 + Level 3.0 Throwing
 * Level 10.4 Armour
 * Level 6.4 Dodging
 + Level 3.0 Shields
 * Level 10.0 Invocations
 + Level 0.5 Evocations


You had 11 spell levels left.
You didn't know any spells.
Your spell library contained the following spells:

 Spells                   Type           Power        Failure   Level  Hunger
 Animate Skeleton         Necr           N/A          100%        1    ##.....
 Apportation              Tloc           #.....       100%        1    ##.....
 Confusing Touch          Hex            #.....       100%        1    ##.....
 Corona                   Hex            #......      100%        1    ##.....
 Pain                     Necr           #...         100%        1    ##.....
 Summon Small Mammal      Summ           #...         100%        1    ##.....
 Ensorcelled Hibernation  Hex/Ice        #.....       100%        2    ###....
 Confuse                  Hex            #.......     100%        3    ####...
 Dazzling Spray           Conj/Hex       #.....       100%        3    ####...
 Gell's Gravitas          Tloc           #.........   100%        3    ####...
 Regeneration             Chrm/Necr      #.........   100%        3    ####...
 Tukima's Dance           Hex            #.......     100%        3    ####...
 Vampiric Draining        Necr           #.........   100%        3    ####...
 Animate Dead             Necr           N/A          100%        4    #####..
 Petrify                  Tmut/Erth      #.......     100%        4    #####..
 Bolt of Magma            Conj/Fire/Erth #.........   100%        5    ######.
 Iskenderun's Battlesphe  Conj/Chrm      #.......     100%        5    ######.
 Metabolic Englaciation   Hex/Ice        #.........   100%        5    ######.
 Venom Bolt               Conj/Pois      #.........   100%        5    ######.
 Yara's Violent Unravell  Hex/Tmut       #.........   100%        5    ######.
 Iron Shot                Conj/Erth      #.........   100%        6    #######
 Orb of Destruction       Conj           #.........   100%        7    #######
 Spellforged Servitor     Conj/Summ      #.........   100%        7    #######


Dungeon Overview and Level Annotations

Branches:
Dungeon (9/15)             Temple (0/1) D:7            Lair (5/6) D:8
 Shoals (0/4) Lair:3        Snake (0/4) Lair:2        Slime (0/5) Lair:6
    Orc: D:9-12

Altars:
Ashenzari
Dithmenos
Fedhas
Gozag
Nemelex Xobeh
Okawaru
Sif Muna
Uskayaw
Xom

Shops:
D:7 (   D:9 ?*([

Annotations:
Abyss:1 Harold; Maurice


Innate Abilities, Weirdness & Mutations

You have hooves in place of feet.
Armour fits poorly on your strangely shaped body.
You cover ground very quickly.
You have extremely tough skin. (AC +3)
You are partially covered in thin metallic scales. (AC +2)
Scrolls take you a little longer to read.
Your flesh is cold resistant. (rC+)
Your muscles are strong. (Str +2)


Message History

The wolf bites you.
* * * LOW HITPOINT WARNING * * *
You block the black mamba's attack. The wolf bites you but does no damage.
The wolf bites you!
* * * LOW HITPOINT WARNING * * *
Your shield and plate armour prevent you from hitting the black mamba.
Your shield and plate armour prevent you from hitting the wolf.
You hit the wolf. You miss the wolf. You block the wolf's attack.
The black mamba bites you.
* * * LOW HITPOINT WARNING * * *
The wolf bites you but does no damage. You block the wolf's attack. x2
The black mamba bites you but does no damage.
The wolf bites you but does no damage. The spiny frog stings you!
* * * LOW HITPOINT WARNING * * *
You feel better. You block the wolf's attack.
The wolf bites you but does no damage.
The black mamba bites you but does no damage.
The wolf bites you but does no damage. You block the wolf's attack.
The wolf bites you but does no damage. x2; The spiny frog stings you!
You die...

#.#....................Fl.
#........................F
*#.......[................
##...................≈...
#.................P......
#.....D.........≈,,≈,,≈≈≈
##.....(....t..,,,≈≈≈≈≈≈*
#......hhh.#≈.≈,≈≈≈≈≈≈***
#......h@S.#≈,,≈≈≈≈≈≈≈≈**
*##......F..#,,≈≈≈≈≈≈≈≈≈≈*
*..........##***≈,≈≈≈≈≈≈≈*
##.........#,≈*****,,≈≈≈≈≈
#.........#,≈≈≈*≈*******≈
##........#,≈≈≈≈≈≈****≈≈≈
##........≈,≈≈≈≈≈≈≈≈,≈≈,,
#..........,≈≈≈≈≈≈≈≈≈≈≈,,
#..........≈≈≈≈≈≈≈≈≈,≈≈≈,


You could see a six-headed hydra, a black mamba, a spiny frog, a crocodile and 4
wolves.

Vanquished Creatures
  Erica (D:9)
  The ghost of Singularity42 the Transmogrifier, a novice OpTm of Okawaru (D:8)
  A black mamba (Lair:4)
  11 spiny frogs
  A centaur skeleton (D:9)
  2 rime drakes
  3 komodo dragons
  A troll (D:8)
  A merfolk (D:9)
  20 blink frogs
  5 hippogriffs
  A slime creature (Lair:6)
  A snapping turtle (Lair:3)
  A wyvern (Lair:2)
  9 yaks
  A hungry ghost (Abyss:1)
  3 wargs
  4 vampire mosquitoes (Lair:6)
  A naga (Lair:2)
  Menkaure (D:5)
  6 water moccasins
  Duvessa (D:7)
  Edmund (D:6)
  5 porcupines
  An orc warrior (D:8)
  4 phantoms
  2 black bears
  2 ice beasts
  3 sky beasts
  4 ogres
  5 wolves
  2 centaurs
  11 crocodiles
  Blork the orc (D:6)
  An elf zombie (Ossuary)
  15 bullfrogs
  A wyvern zombie (D:7)
  Dowan (D:7)
  2 scorpions
  5 wights (D:8)
  2 howler monkeys (D:7)
  6 crimson imps
  A bullfrog skeleton (D:9)
  2 jellies
  A quasit (D:8)
  9 orc priests
  3 hounds
  Crazy Yiuf (D:5)
  Ijyb (D:5)
  A worker ant (D:8)
  An orc wizard (D:8)
  4 big kobold zombies (Ossuary)
  4 mummies (Ossuary)
  A worker ant zombie (D:5)
  A howler monkey zombie (D:8)
  10 adders
  A howler monkey skeleton (D:7)
  4 shadow imps
  An ooze (D:6)
  4 adder zombies
  2 worms
  4 dart slugs
  2 leopard geckos
  23 orcs
  3 ball pythons
  2 giant cockroaches
  6 hobgoblins
  4 jackals (D:4)
  4 kobolds
  3 quokkas
  3 bats
  A frilled lizard (D:1)
  A giant cockroach zombie (D:5)
  5 goblins
  A goblin zombie (Ossuary)
  2 jackal zombies (Ossuary)
  A quokka skeleton (D:8)
  9 rats
  A rat zombie (Ossuary)
  2 fungi
  3 plants
282 creatures vanquished.

Vanquished Creatures (collateral kills)
  A bullfrog zombie (D:7)
1 creature vanquished.

Vanquished Creatures (others)
  The ghost of P0WERM0DE the Fiendish, a journeyman DDFi of Makhleb (Lair:4)
  6 hydras
  The ghost of PentaManta the Slinger, a novice HaAK of Lugonu (D:9)
  5 spiny frogs (Lair:6)
  2 orc wizards (D:4)
  36 fungi
  80 plants
131 creatures vanquished.

Grand Total: 414 creatures vanquished

Notes
Turn   | Place    | Note
-------+----------+-------------------------------------------
     0 | Abyss:1  | Gargoyl the Centaur Abyssal Knight began the quest for the
                  | Orb.
     0 | Abyss:1  | Reached XP level 1. HP: 19/19 MP: 2/2
    57 | Abyss:1  | Noticed a hungry ghost
    62 | Abyss:1  | Noticed a large abomination
    76 | Abyss:1  | Killed a hungry ghost
    76 | Abyss:1  | Reached XP level 2. HP: 15/28 MP: 3/3
    76 | Abyss:1  | Reached XP level 3. HP: 19/34 MP: 4/4
    76 | Abyss:1  | Reached XP level 4. HP: 23/41 MP: 5/5
    84 | Abyss:1  | Noticed a small abomination
   115 | Abyss:1  | Found a corrupted altar of Lugonu.
   126 | Abyss:1  | Gained mutation: You can translocate small distances at
                  | will. [potion of mutation]
   126 | Abyss:1  | Gained mutation: Your spells are a little easier to cast,
                  | but a little less powerful. [potion of mutation]
   126 | Abyss:1  | Gained mutation: Your flesh is cold resistant. (rC+)
                  | [potion of mutation]
   166 | Abyss:1  | Noticed a fire bat
   168 | D:1      | Escaped the Abyss
   562 | D:1      | Reached * piety under Lugonu
   698 | D:1      | Reached XP level 5. HP: 40/47 MP: 6/6
  1383 | D:2      | Reached skill level 1 in Dodging
  1531 | D:2      | Noticed a +0 dagger
  1537 | D:2      | Found a hide-covered altar of Uskayaw.
  1537 | D:2      | Noticed a +0 dagger
  1576 | D:2      | Found a blossoming altar of Fedhas.
  1576 | D:2      | Found a shattered altar of Ashenzari.
  1580 | D:2      | Found a shimmering altar of Xom.
  1580 | D:2      | Found an opulent altar of Gozag.
  2559 | D:4      | Noticed an ogre
  2563 | D:4      | Killed an ogre
  2563 | D:4      | Reached XP level 6. HP: 27/53 MP: 6/8
  2955 | D:4      | Reached ** piety under Lugonu
  3290 | D:4      | Reached XP level 7. HP: 23/60 MP: 9/9
  3494 | D:4      | Found a shadowy altar of Dithmenos.
  3524 | D:4      | Found an iron altar of Okawaru.
  3594 | D:4      | Found a deep blue altar of Sif Muna.
  3963 | D:5      | Entered Level 5 of the Dungeon
  4075 | D:5      | Noticed Ijyb
  4098 | D:5      | Killed Ijyb
  4174 | D:5      | Found a runed translucent door.
  4175 | D:5      | Noticed Crazy Yiuf
  4184 | D:5      | Killed Crazy Yiuf
  4417 | D:5      | Noticed Menkaure
  4424 | D:5      | Killed Menkaure
  4424 | D:5      | Reached skill level 1 in Throwing
  5601 | D:6      | Reached skill level 5 in Fighting
  5601 | D:6      | Reached XP level 8. HP: 47/68 MP: 9/11
  5688 | D:6      | Noticed Edmund
  5700 | D:6      | Killed Edmund
  5986 | D:6      | Found a sand-covered staircase.
  6075 | Ossuary  | Entered an ossuary
  6737 | D:6      | Noticed Blork the orc
  6755 | D:6      | Killed Blork the orc
  6764 | D:6      | Reached skill level 5 in Axes
  6795 | D:6      | Reached skill level 5 in Armour
  6797 | D:6      | Reached *** piety under Lugonu
  7667 | D:7      | Reached XP level 9. HP: 27/74 MP: 12/12
  7675 | D:7      | HP: 3/74 [wyvern zombie (10)]
  8009 | D:7      | Reached skill level 5 in Invocations
  8230 | D:7      | Found an iron altar of Okawaru.
  8238 | D:7      | Found Fuosoat's Antique Weapon Shop.
  8428 | D:7      | Found a staircase to the Ecumenical Temple.
  8516 | D:7      | Identified the +2 robe of Anaesthesia {rF+}
  8519 | D:7      | Noticed Dowan
  8522 | D:7      | Noticed Duvessa
  8535 | D:7      | Killed Duvessa
  8536 | D:7      | Killed Dowan
  9125 | D:8      | Found a staircase to the Lair.
 10300 | D:8      | Reached **** piety under Lugonu
 10640 | D:9      | Found Ehitt's Antique Armour Shop.
 10646 | D:9      | Noticed Erica
 11304 | D:8      | Reached XP level 10. HP: 80/83 MP: 14/14
 11434 | D:9      | Noticed Maurice
 11443 | D:8      | Banished Maurice
 12317 | D:9      | Killed Erica
 12887 | D:9      | Found a runed translucent gate.
 12888 | D:9      | Found a runed translucent gate.
 12898 | D:9      | Found a runed translucent gate.
 12899 | D:9      | Noticed Singularity42's ghost (novice OpTm)
 12899 | D:9      | Noticed PentaManta's ghost (novice HaAK)
 12946 | D:9      | Lost mutation: You can translocate small distances at will.
                  | [potion of mutation]
 12946 | D:9      | Lost mutation: Your spells are a little easier to cast, but
                  | a little less powerful. [potion of mutation]
 12946 | D:9      | Gained mutation: Scrolls take you a little longer to read.
                  | [potion of mutation]
 12946 | D:9      | Gained mutation: You are partially covered in thin metallic
                  | scales. (AC +2) [potion of mutation]
 12946 | D:9      | Gained mutation: Your muscles are strong. (Str +2) [potion
                  | of mutation]
 13008 | D:9      | Bought a helmet for 148 gold pieces
 13008 | D:9      | Bought an embroidered scarf for 264 gold pieces
 13008 | D:9      | Bought a pair of gloves for 148 gold pieces
 13052 | D:9      | Found Pighups's Antique Weapon Shoppe.
 13053 | D:9      | Noticed Harold
 13745 | D:9      | Banished Harold
 13928 | D:9      | Found a sparkling altar of Nemelex Xobeh.
 14032 | D:9      | Found Zaacom's Magic Scroll Boutique.
 14053 | D:9      | Found Fatitoom's General Store.
 14137 | D:8      | Killed Singularity42's ghost
 14158 | D:9      | Banished PentaManta's ghost
 14158 | D:9      | Reached XP level 11. HP: 86/91 MP: 7/16
 14413 | Lair:1   | Entered Level 1 of the Lair of Beasts
 15590 | Lair:1   | Noticed a six-headed hydra
 15591 | Lair:1   | Banished a six-headed hydra
 16502 | Lair:2   | Found a staircase to the Snake Pit.
 16886 | D:9      | Bought a +1 large shield of reflection for 175 gold pieces
 17366 | Lair:3   | Reached skill level 5 in Dodging
 18246 | Lair:3   | Noticed a five-headed hydra
 18247 | Lair:3   | Banished a five-headed hydra
 18444 | Lair:3   | Reached skill level 1 in Shields
 18737 | Lair:3   | Noticed a four-headed hydra
 18739 | Lair:3   | Banished a four-headed hydra
 19271 | Lair:3   | Reached XP level 12. HP: 62/97 MP: 18/18
 19594 | Lair:3   | Found a staircase to the Shoals.
 19957 | Lair:4   | Noticed a seven-headed hydra
 19963 | Lair:4   | Banished a seven-headed hydra
 20122 | Lair:4   | Reached skill level 10 in Armour
 20762 | Lair:4   | Found a large runed translucent door.
 20762 | Lair:4   | Found a large runed translucent door.
 21231 | Lair:4   | Noticed P0WERM0DE's ghost (journeyman DDFi)
 21248 | Lair:4   | Banished P0WERM0DE's ghost
 21506 | Lair:5   | You fall through a shaft!
 21506 | Lair:6   | Entered Level 6 of the Lair of Beasts
 21521 | Lair:6   | Found a staircase to the Slime Pits.
 21767 | Lair:6   | Noticed a five-headed hydra
 21769 | Lair:6   | Banished a five-headed hydra
 22693 | Lair:6   | Noticed a five-headed hydra
 22714 | Lair:6   | Banished a six-headed hydra
 22760 | Lair:6   | Reached skill level 10 in Invocations
 22807 | Lair:6   | HP: 3/100 [spiny frog (12)]
 22813 | Lair:6   | Noticed a six-headed hydra
 22819 | Lair:6   | HP: 1/100 [spiny frog (11)]
 22820 | Lair:6   | Slain by a spiny frog

Skill      XL: |  1  2  3  4  5  6  7  8  9 10 11 12 |
---------------+-------------------------------------+-----
Fighting       | 4 5 6 7 |  7.1
Axes           | 2 3 4 5 6 7 8 |  8.9
Armour         | 2 3 4 5 6 8 9 10 | 10.4
Dodging        | 1 2 3 4 5 6 |  6.4
Invocations    | 3 4 6 7 8 10 | 10.0
Throwing       | 1 2 3 |  3.0
Shields        | 1 3 |  3.0
Short Blades   | |  0.1
Evocations     | |  0.5

Action                   |  1- 3 |  4- 6 |  7- 9 | 10-12 || total
-------------------------+-------+-------+-------+-------++-------
Melee: Hand axe          |    14 |   127 |   513 |   679 ||  1333
       Kick              |     2 |    30 |   128 |   194 ||   354
       Short sword       |       |    44 |       |       ||    44
Throw: Javelin           |       |    16 |     2 |    38 ||    56
       Tomahawk          |       |     1 |       |    14 ||    15
Invok: Depart the Abyss  |       |     1 |       |       ||     1
       Banish            |       |       |       |    22 ||    22
       Bend Space        |       |       |       |     1 ||     1
Evoke: Wand              |       |       |     2 |     6 ||     8
  Use: Scroll            |     1 |     6 |    18 |    12 ||    37
       Potion            |     1 |     1 |     3 |     8 ||    13
 Stab: Confused          |       |       |       |     1 ||     1
  Eat: Chunk             |       |     9 |    11 |    28 ||    48
       Ration            |       |       |     4 |     3 ||     7
Armor: Leather armour    |     2 |    26 |       |       ||    28
       Ring mail         |       |    53 |    21 |       ||    74
       Chain mail        |       |       |   103 |       ||   103
       Plate armour      |       |       |   225 |   410 ||   635
       Skin              |       |       |       |     1 ||     1
Dodge: Dodged            |    10 |    69 |   131 |    90 ||   300
       Deflected         |       |       |       |    14 ||    14
Block: Large shield      |       |       |       |   337 ||   337
       Reflection        |       |       |       |     3 ||     3
